Map: Rivages bleus EC

Players

Crono - Winner!

  • Race: Terran Terran
  • League: Gold
  • Spawn Location: 1:00

zidar

  • Race: Zerg Zerg
  • League: Gold
  • Spawn Location: 7:00

VOD

Have the link to the VOD?

Description

Time

  • Played on: Dec. 30, 2018, 11:04 a.m.
  • Length: 9:40
Show
View Real Time Build Order
Export as new Build Order

Crono Terran - Winner!

Build Orders: Command Center First (CC) 

Get SALT Encoding   

  12  0:03  SCV  
  13  0:15  SCV  
  14  0:27  SCV  
  15  0:47  Command Center  
  15  1:04  Supply Depot  
  15  1:15  Refinery  
  15  1:26  SCV  
  15  1:30  Barracks  
  16  1:38  SCV  
  17  1:50  SCV  
  18  2:01  SCV  
  19  2:02  SCV  
  19  2:07  Refinery  
  20  2:13  SCV  
  20  2:14  SCV  
  22  2:25  SCV  
  22  2:26  SCV  
  22  2:27  Factory  
  24  2:34  Supply Depot  
  24  2:37  SCV, Bunker  
  24  2:39  Marine  
  26  2:46  SCV  
  26  2:49  SCV  
  28  2:58  SCV  
  28  3:02  SCV  
  28  3:03  Refinery  
  28  3:04  Refinery  
  30  3:14  SCV  
  31  3:22  SCV, Starport  
  31  3:26  SCV  
  33  3:27  Marine  
  34  3:34  SCV  
  34  3:38  SCV  
  36  3:46  SCV  
  36  3:47  Starport  
  37  3:50  SCV  
  38  3:58  SCV  
  39  4:03  SCV, Supply Depot  
  39  4:09  Supply Depot  
  40  4:14  Starport Tech Lab  
  40  4:22  Fusion Core  
  40  4:26  Marine  
  43  4:40  Viking  
  43  4:41  Starport Tech Lab  
  43  4:43  Marine  
  44  4:51  SCV  
  45  4:55  SCV  
  46  5:03  SCV  
  46  5:05  Engineering Bay  
  47  5:07  SCV  
  47  5:13  Supply Depot  
  48  5:15  SCV  
  49  5:32  Battlecruiser x2  
  61  5:39  Supply Depot  
  61  5:49  Supply Depot  
  61  6:11  Neosteel Armor  
  61  6:26  Weapon Refit  
  61  6:36  Battlecruiser x2  
  73  7:04  Planetary Fortress  
  71  7:25  Armory  
  71  7:30  Armory  
  71  7:40  Battlecruiser  
  77  7:51  Hi-Sec Auto Tracking  
  77  8:12  Battlecruiser  
  83  9:11  Supply Depot  
  83  9:14  Supply Depot  
  83  9:16  Supply Depot  
  83  9:33  Supply Depot  
  83  9:37  Supply Depot  
Show
View Real Time Build Order
Export as new Build Order

zidar Zerg 

Build Orders: Hatch First 

Get SALT Encoding   

  12  0:01  Drone  
  13  0:12  Overlord  
  13  0:18  Drone  
  14  0:31  Drone x2  
  14  0:35  Drone  
  17  0:56  Hatchery  
  16  0:57  Drone  
  16  1:02  Extractor  
  16  1:03  Drone  
  17  1:18  Spawning Pool  
  17  1:22  Drone  
  17  1:28  Drone  
  18  1:46  Overlord  
  18  1:47  Drone  
  19  1:57  Drone  
  20  2:07  Queen  
  22  2:09  Queen  
  22  2:11  Drone x2  
  26  2:19  Drone x2  
  28  2:34  Metabolic Boost  
  28  2:38  Drone x2  
  28  2:39  Drone  
  28  2:42  Overlord  
  31  3:00  Hatchery  
  31  3:05  Queen  
  30  3:11  Drone  
  33  3:14  Drone x2  
  35  3:31  Drone  
  35  3:32  Drone x6  
  42  3:38  Lair  
  42  3:47  Extractor  
  41  3:58  Evolution Chamber  
  41  4:02  Evolution Chamber  
  39  4:04  Drone  
  40  4:16  Drone  
  40  4:17  Drone x9  
  50  4:39  Spore Crawler  
  50  4:44  Spore Crawler  
  48  4:53  Spore Crawler  
  48  4:56  Zerg Ground Armor Level 1, Zerg Melee Weapons Level 1  
  47  5:03  Baneling Nest  
  46  5:10  Extractor  
  45  5:15  Extractor x2  
  45  5:17  Extractor  
  42  5:27  Pneumatized Carapace  
  42  5:30  Overlord x3  
  42  5:31  Overlord  
  42  5:47  Queen  
  44  6:02  Drone x16  
  60  6:17  Infestation Pit  
  59  6:22  Drone x7  
  59  6:24  Overlord  
  59  6:25  Overlord x6  
  66  6:46  Hatchery  
  65  6:51  Zerg Ground Armor Level 2  
  65  7:00  Spire, Hive  
  64  7:19  Zergling x26  
  77  7:25  Drone x2  
  77  7:29  Drone x3  
  82  7:30  Drone  
  83  7:39  Drone x2  
  83  7:40  Drone  
  83  7:41  Drone  
  87  7:50  Baneling  
  87  7:51  Baneling x13  
  87  7:53  Zergling x12  
  87  7:54  Zergling x8  
  76  8:17  Corruptor  
  76  8:18  Corruptor x2  
  76  8:19  Corruptor x2  
  85  8:20  Corruptor  
  87  8:32  Corruptor x2  
  91  8:40  Lair  
Tags
 
Add a new tag
Caveats
  • Supply blocks, unpowered buildings, or Contaminate may cause inaccurate times.
  • Supply counts are checked every 10 seconds.